 Dungeon Crawl Stone Soup version 0.27.1-33-g824d729ab1 (webtiles) character file.

Game seed: 840464893891882649

2 Descartes the Magician (level 1, -2/7 HPs)
             Began as a Felid Wanderer on Nov 29, 2021.
             Frozen to death by an endoplasm (4 damage)
             ... on level 1 of the Dungeon.
             The game lasted 00:01:21 (79 turns).

Descartes the Magician (Felid Wanderer)               Turns: 79, Time: 00:01:21

Health: -2/7       AC:  1    Str:  7    XL:     1   Next: 33%
Magic:  6/6        EV: 15    Int: 14    God:
Gold:   0          SH:  0    Dex: 15    Spells: 7/8 levels left
                                        Lives:  0   Deaths: 0

rFire    . . .     SeeInvis +   (weapon unavailable)
rCold    . . .     Faith    .   (shield unavailable)
rNeg     + . .     Spirit   .   (armour unavailable)
rPois    .         Reflect  .   (helmet unavailable)
rElec    .         Harm     .   (cloak unavailable)
rCorr    .         Rampage  .   (gloves unavailable)
Will     .....                  (boots unavailable)
Stlth    ++........             (no amulet)
HPRegen  0.02/turn              a - ring of positive energy
MPRegen  0.10/turn              (no ring)

@: quick
A: very small, claws 1, fangs 3, see invisible, speed 1, shaggy fur 1, stealthy
paws, no weapons or thrown items, no armour, multi-lived
a: no special abilities


You were on level 1 of the Dungeon.
You visited 1 branch of the dungeon, and saw 1 of its levels.

Inventory:

Jewellery
 a - a ring of positive energy (left paw)
Potions
 b - a potion of haste {unknown}


   Skills:
 + Level 0.6 Dodging
 - Level 2.6 Stealth
 + Level 0.4 Unarmed Combat
 - Level 4.0 Spellcasting
 - Level 2.0 Summonings
 - Level 2.0 Necromancy


You had 7 spell levels left.
You knew the following spells:

 Your Spells              Type           Power      Damage    Failure   Level
a - Magic Dart            Conj           8%         1d3       19%         1

Your spell library contained the following spells:

 Spells                   Type           Power      Damage    Failure   Level
 Animate Skeleton         Necr           16%        N/A       9%          1
 Summon Small Mammal      Summ           32%        N/A       9%          1
 Call Imp                 Summ           8%         N/A       13%         2
 Call Canine Familiar     Summ           8%         N/A       26%         3
 Vampiric Draining        Necr           4%         2d6       26%         3
 Blink                    Tloc           N/A        N/A       28%         2
 Slow                     Hex            2%         N/A       28%         2
 Conjure Flame            Conj/Fire      2%         6-21      50%         3
 Mephitic Cloud           Conj/Pois/Air  2%         N/A       50%         3


Dungeon Overview and Level Annotations

Branches:
Dungeon (1/15)

Altars:


Innate Abilities, Weirdness & Mutations

You have sharp claws.
You have razor-sharp teeth.
You have supernaturally acute eyesight. (SInv)
You cover ground quickly. (Speed+)
You are covered in fur. (AC +1)
Your paws help you pounce on unaware monsters.
You are incapable of wielding weapons or throwing items.
You cannot wear armour.
You gain extra lives every three experience levels.


Message History

The giant cockroach barely misses you. The endoplasm freezes you.
You are frozen.
Ouch! That really hurt!
You are too injured to fight recklessly!
You are too injured to fight recklessly!
You are too injured to fight recklessly!
You are too injured to fight recklessly!
You are too injured to fight recklessly!
You are too injured to fight recklessly!
You are too injured to fight recklessly!
You are too injured to fight recklessly!
You are too injured to fight recklessly!
You are too injured to fight recklessly!
You are too injured to fight recklessly!
You are too injured to fight recklessly!
You are too injured to fight recklessly!
You are too injured to fight recklessly!
You are too injured to fight recklessly!
You are too injured to fight recklessly!
You are too injured to fight recklessly!
You are too injured to fight recklessly!
You are too injured to fight recklessly!
You are too injured to fight recklessly!
You are too injured to fight recklessly!
You scratch the giant cockroach but do no damage.
The giant cockroach is severely wounded.
The giant cockroach bites you.
* * * LOW HITPOINT WARNING * * *
You scratch the giant cockroach.
You kill the giant cockroach!
You scratch the endoplasm but do no damage.
The endoplasm barely misses you.
You scratch the endoplasm but do no damage.
You bite the endoplasm.
The endoplasm is moderately wounded.
The endoplasm freezes you.
You are frozen.
Ouch! That really hurt!
You die...

#. #. # #.
#.#. #.#. ...
.#.###.#####
......†J@..#
.......#...#
#.
.#.....#...#
#. .#
#####.#...#
#.##.# ..#.#.#
..#.# ###.#.#
##.#.# #.#..
....#
#.########..##
#............#


You could see an endoplasm.

Vanquished Creatures
  A giant cockroach (D:1)
  A hobgoblin (D:1)
2 creatures vanquished.

Notes
Turn   | Place    | Note
-------+----------+-------------------------------------------
     0 | D:1      | Descartes the Felid Wanderer began the quest for the Orb.
     0 | D:1      | Descartes set off with the following items: ; and the
                  | following spells available to memorise: Animate Skeleton,
                  | Summon Small Mammal, Call Imp, Magic Dart, Call Canine
                  | Familiar, Vampiric Draining, Blink, Slow, Conjure Flame,
                  | Mephitic Cloud
     0 | D:1      | Reached XP level 1. HP: 7/7 MP: 6/6
     2 | D:1      | Learned a level 1 spell: Magic Dart
    79 | D:1      | Frozen to death by an endoplasm

Illustrated notes

Levels and vault maps discovered:
D:1:      minmay_arrival_solitary_statue, layout_basic,
          hellmonk_ecumenical_altar_dog_temple

Action                   || total
-------------------------++-------
Melee: Unarmed           ||    11
       Bite              ||     2
Dodge: Dodged            ||     7
